 Dungeon Crawl Stone Soup version 0.28.0-53-g5a82cb258f (webtiles) character file.

Game seed: 4660714826521378126

159266 Peloso the Peltast (level 17, 0/160 HPs)
             Began as a Minotaur Fighter on July 19, 2022.
             Was the Champion of Okawaru.
             Shot with an arrow by a centaur warrior (16 damage)
             ... on level 1 of the Shoals.
             The game lasted 01:29:15 (39064 turns).

Peloso the Peltast (Minotaur Fighter)              Turns: 39064, Time: 01:29:15

Health: 0/160      AC: 27    Str: 38    XL:     17   Next: 15%
Magic:  27/27      EV: 14    Int: 12    God:    Okawaru [******]
Gold:   3825       SH: 13    Dex: 20    Spells: 16/16 levels left

rFire   + . .      SeeInvis +   a - +4 scimitar (flame)
rCold   + + .      Faith    +   e - +3 buckler of Defiance {rElec rF+ rN+}
rNeg    + + .      Spirit   .   y - +1 storm dragon scales "Qiom" {rElec MP+9 Slay+2}
rPois   +          Reflect  .   l - +3 crown of Dyrovepreva {rElec Int+2 SInv}
rElec   +          Harm     .   P - +0 cloak
rCorr   .          Rampage  .   t - +0 pair of gloves of Defiance {rPois rC+ Str+4 Int+4}
Will    .....                   z - +1 pair of boots "Bosemoda" {Int+4 Dex+4}
Stlth   +.........              j - amulet "Weoxiena" {Faith rN+ Int-3 Dex+5 Slay+3}
HPRegen 0.36/turn               o - ring of the Skies Above {rPois Str+6 Stlth+}
MPRegen 0.20/turn               W - ring of protection from cold

@: lit by a corona, about to teleport, weak-willed, marked, mesmerised, glowing
A: horns 2, retaliatory headbutt
a: Renounce Religion, Heroism, Finesse, Duel


You were on level 1 of the Shoals.
You worshipped Okawaru.
Okawaru was exalted by your worship.
You visited 6 branches of the dungeon, and saw 27 of its levels.
You also visited: Ossuary, Gauntlet and Ice Cave.

You collected 5236 gold pieces.
You spent 1411 gold pieces at shops.

Inventory:

Hand Weapons
 a - a +4 scimitar of flaming (weapon)
 b - a +1 demon blade of draining
Armour
 e - the +3 buckler of Defiance (worn) {rElec rF+ rN+}
   (Okawaru gifted it to you on level 2 of the Lair of Beasts)

   rF:        It protects you from fire.
   rElec:     It insulates you from electricity.
   rN:        It protects you from negative energy.
 l - the +3 crown of Dyrovepreva (worn) {rElec Int+2 SInv}
   (You found it in a Gauntlet)

   Int:       It affects your intelligence (+2).
   rElec:     It insulates you from electricity.
   SInv:      It lets you see invisible.
 t - the +0 pair of gloves of Defiance (worn) {rPois rC+ Str+4 Int+4}
   (You found it on level 4 of the Dungeon)

   Str:       It affects your strength (+4).
   Int:       It affects your intelligence (+4).
   rC:        It protects you from cold.
   rPois:     It protects you from poison.
 u - a +0 crystal plate armour
 y - the +1 storm dragon scales "Qiom" (worn) {rElec MP+9 Slay+2}
   (Okawaru gifted it to you on level 6 of the Lair of Beasts)

   Slay:      It affects your accuracy & damage with ranged weapons and melee
   (+2).
   rElec:     It insulates you from electricity.
   MP:        It affects your magic capacity (+9).
 z - the +1 pair of boots "Bosemoda" (worn) {Int+4 Dex+4}
   (You found it on level 6 of the Lair of Beasts)

   Int:       It affects your intelligence (+4).
   Dex:       It affects your dexterity (+4).
 B - the +1 crystal plate armour of Wifanec {Dex+6}
   (Okawaru gifted it to you on level 1 of the Shoals)

   Dex:       It affects your dexterity (+6).
 P - a +0 cloak (worn)
Jewellery
 j - the amulet "Weoxiena" (around neck) {Faith rN+ Int-3 Dex+5 Slay+3}
   (You found it on level 1 of the Spider Nest)

   [amulet of faith]

   It allows you to gain divine favour quickly.
   Int:       It affects your intelligence (-3).
   Dex:       It affects your dexterity (+5).
   Slay:      It affects your accuracy & damage with ranged weapons and melee
   (+3).
   rN:        It protects you from negative energy.
 k - a ring of poison resistance
 o - the ring of the Skies Above (left hand) {rPois Str+6 Stlth+}
   (You bought it in a shop on level 2 of the Orcish Mines)

   [ring of strength]

   Str:       It affects your strength (+6).
   rPois:     It protects you from poison.
   Stlth:     It makes you more stealthy.
 w - a ring of magical power
 L - a ring of resist corrosion
 M - an amulet of reflection
 N - the ring of Salvation {Ice Will+ Dex+4}
   (You found it in a Gauntlet)

   [ring of ice]

   It enhances your ice magic.
   Dex:       It affects your dexterity (+4).
   rF:        It makes you vulnerable to fire.
   rC:        It protects you from cold.
   Will:      It increases your willpower.
 W - a ring of protection from cold (right hand)
Wands
 c - a wand of polymorph (13)
 p - a wand of digging (4)
 A - a wand of acid (4)
 C - a wand of paralysis (24)
 J - a wand of flame (47)
Scrolls
 g - 10 scrolls of teleportation
 m - 2 scrolls of immolation
 n - 3 scrolls of blinking
 r - 2 scrolls of identify
 s - 7 scrolls of fear
 v - 8 scrolls of noise
 x - a scroll of fog
 I - a scroll of magic mapping
Potions
 d - 4 potions of might
 f - 6 potions of heal wounds
 h - a potion of ambrosia
 i - 7 potions of curing
 q - 3 potions of resistance
 G - 2 potions of flight
 K - 2 potions of invisibility
 O - 3 potions of cancellation
 T - 2 potions of brilliance
 V - a potion of berserk rage


   Skills:
 + Level 16.9 Fighting
 + Level 8.1(13.3) Short Blades
 + Level 17.8(18.6) Long Blades
 + Level 16.6 Armour
 + Level 6.2 Dodging
 + Level 3.5 Stealth
 + Level 20.4 Shields
 + Level 2.9 Invocations
 + Level 1.4 Evocations


You had 16 spell levels left.
You didn't know any spells.
Your spell library contained the following spells:

 Spells                   Type           Power      Damage    Failure   Level
 Apportation              Tloc           0%         N/A       65%         1
 Beastly Appendage        Tmut           0%         N/A       65%         1
 Freeze                   Ice            0%         1d3       65%         1
 Magic Dart               Conj           0%         1d3       65%         1
 Corpse Rot               Necr/Air       0%         N/A       78%         2
 Ensorcelled Hibernation  Hex/Ice        0%         N/A       78%         2
 Passwall                 Tmut/Erth      0%         N/A       78%         2
 Poisonous Vapours        Pois/Air       0%         N/A       78%         2
 Wereblood                Tmut           0%         N/A       78%         2
 Dazzling Flash           Conj/Hex       0%         N/A       95%         3
 Frozen Ramparts          Ice            0%         1d2       95%         3
 Gell's Gravitas          Tloc           0%         N/A       95%         3
 Mephitic Cloud           Conj/Pois/Air  0%         N/A       95%         3
 Ozocubu's Armour         Ice            0%         N/A       95%         3
 Spider Form              Tmut/Pois      0%         N/A       95%         3
 Stone Arrow              Conj/Erth      0%         3d7       95%         3
 Swiftness                Air            0%         N/A       95%         3
 Teleport Other           Tloc           0%         N/A       95%         3
 Hailstorm                Conj/Ice       0%         3d3       100%        4
 Ice Form                 Ice/Tmut       0%         N/A       100%        4
 Iskenderun's Mystic Bla  Conj/Tloc      0%         2d3       100%        4
 Olgreb's Toxic Radiance  Pois           0%         N/A       100%        4
 Petrify                  Tmut/Erth      0%         N/A       100%        4
 Agony                    Necr           0%         N/A       100%        5
 Fireball                 Conj/Fire      0%         3d3       100%        5
 Metabolic Englaciation   Hex/Ice        0%         N/A       100%        5
 Silence                  Hex/Air        0%         N/A       100%        5
 Dispersal                Tloc           0%         N/A       100%        6
 Starburst                Conj/Fire      0%         6d3       100%        6
 Statue Form              Tmut/Erth      0%         N/A       100%        6
 Ozocubu's Refrigeration  Ice            0%         4d5       100%        7
 Disjunction              Tloc           0%         N/A       100%        8
 Ignition                 Fire           0%         3d3       100%        8
 Lehudib's Crystal Spear  Conj/Erth      0%         10d2      100%        8
 Animate Skeleton         Necr           Unusable   N/A       N/A         1
 Summon Small Mammal      Summ           Unusable   N/A       N/A         1
 Call Imp                 Summ           Unusable   N/A       N/A         2
 Call Canine Familiar     Summ           Unusable   N/A       N/A         3
 Summon Guardian Golem    Hex/Summ       Unusable   N/A       N/A         3
 Animate Armour           Summ/Erth      Unusable   N/A       N/A         4
 Simulacrum               Ice/Necr       Unusable   N/A       N/A         6

Dungeon Overview and Level Annotations

Branches:
Dungeon (15/15)            Temple (1/1) D:7            Lair (6/6) D:9
 Shoals (1/4) Lair:2       Spider (2/4) Lair:3        Slime (0/5) Lair:6
    Orc (2/2) D:9             Elf (0/3) Orc:2        Vaults (0/5) D:13
 Depths (0/4) D:15        Ossuary (visited)           IceCv (visited)
Gauntlet (visited)

Altars:
Ashenzari
Cheibriados
Dithmenos
Elyvilon
Fedhas
Gozag
Hepliaklqana
Kikubaaqudgha
Makhleb
Nemelex Xobeh
Okawaru
Qazlal
Ru
Sif Muna
Trog
Uskayaw
Vehumet
Wu Jian
Xom
Yredelemnul
Zin
The Shining One
Beogh
Jiyva

Shops:
D:3 *   D:5 !   D:10 *   Orc:1 *   Orc:2 ![::=

Annotations:
Lair:6 Casa


Innate Abilities, Weirdness & Mutations

You have a pair of horns on your head.
You reflexively headbutt those who attack you in melee.


Message History

The faun is moderately wounded.
The snapping turtle closely misses you.
The faun shoots a stone.
The stone hits you!
The centaur warrior shoots an arrow.
The arrow hits you but does no damage.
A wind drake comes into view.
The faun hits you with a +0 quarterstaff!
You slice the faun!! You burn the faun.
The faun is almost dead.
The merfolk siren chants its luring song.
The snapping turtle bites you from afar.
The faun shoots a stone.
The stone misses you.
Unknown command.
You slice the faun!! You burn the faun.
You kill the faun!
Okawaru accepts your kill. The wind drake flaps its wings at you.
The air twists around and strikes you!
The merfolk siren chants its luring song.
The centaur warrior shoots an arrow.
The arrow hits you.
The snapping turtle bites you from afar!
* * * LOW HITPOINT WARNING * * *
As you read the scroll of teleportation, it crumbles to dust.
You feel strangely unstable.
The faun shoots a stone.
You block the stone.
The centaur warrior shoots an arrow.
You block the arrow.
The merfolk siren chants its luring song.
The snapping turtle bites you from afar!
* * * LOW HITPOINT WARNING * * *
Unknown command.
The centaur warrior shoots an arrow.
You block the arrow.
The faun shoots a stone.
The stone hits you but does no damage.
A water nymph comes into view.
The merfolk siren chants its luring song.
The centaur warrior shoots an arrow.
The arrow hits you!
* * * LOW HITPOINT WARNING * * *
You block the snapping turtle's attack.
You slash the manticore! You burn the manticore. You headbutt the manticore!!
The manticore is severely wounded.
The faun shoots a stone.
You block the stone.
The centaur warrior shoots an arrow.
The arrow hits you!
You die...

≈≈≈≈≈≈≈≈≈≈≈≈..≈≈≈≈≈≈≈≈≈≈
≈≈≈≈≈.≈≈m≈≈...)≈≈≈≈≈≈≈≈≈
≈≈≈≈...≈≈≈..#))≈≈≈≈≈≈≈≈≈
≈≈≈≈...c...###..≈≈≈≈≈..≈
≈≈≈≈..≈.)≈.# ##..≈≈≈≈..≈
≈≈≈≈..≈....# ##..≈≈≈≈≈.
≈≈≈≈≈≈≈....# ##..≈≈≈≈.
≈≈≈k≈≈≈.H.## #.≈≈≈≈..
≈≈≈≈≈≈≈@≈t### ..≈≈≈...
≈≈≈≈.≈≈.)...# #...≈≈..#
≈≈..≈≈≈.....# ...≈≈≈≈..
≈m≈≈≈.c.≈≈......≈≈.≈≈≈..
≈≈≈≈≈..≈........≈≈....≈c
≈≈≈...≈≈....!...≈≈......
≈.........#.....
≈.............≈
..####.........


You could see a snapping turtle, a wind drake (repels missiles), a centaur
warrior, a faun, a manticore, a merfolk siren (mesmerising) and a water nymph.

Vanquished Creatures
  Gastronok (Lair:3)
  3 azure jellies (IceCv)
  A rockslime (IceCv)
  2 ghost moths
  An orc warlord (D:14)
  2 broodmothers
  3 quicksilver oozes (IceCv)
  4 dire elephants (Lair:6)
  A minotaur (Gauntlet)
  4 entropy weavers
  2 spark wasps
  3 fire dragons
  The ghost of qipq the Nimble, a journeyman DjEE of Gozag (D:10)
  6 boulder beetles
  A rakshasa (D:14)
  7 hydras
  A vault guard (D:13)
  Erolcha (Orc:2)
  3 ogre magi
  4 centaur warriors
  Erica (D:8)
  A merfolk aquamancer (Shoals:1)
  A radroach (Spider:1)
  2 death knights (D:15)
  The ghost of Melanol the Fighter, a novice PaBe of Trog (D:8)
  A catoblepas (D:14)
  10 two-headed ogres
  The ghost of crawlogic the Cleaver, a novice HOFi of Yredelemnul (D:10)
  An orc high priest (D:14)
  3 death yaks (Lair:5)
  2 tengu warriors
  Sonja (Lair:2)
  A fire crab (Gauntlet)
  Nergalle (D:10)
  A sea snake (Shoals:1)
  A fire crab (shapeshifter) (D:13)
  3 pharaoh ants
  A spectral anaconda (Lair:6)
  An obsidian statue (Lair:6)
  6 steelbarb worms
  A lindwurm (Lair:6)
  A lindwurm (shapeshifter) (D:13)
  6 orb spiders
  Pikel (D:7)
  2 orange crystal statues (IceCv)
  3 necromancers (Lair:6)
  12 ugly things
  A deep elf pyromancer (D:14)
  3 harpies (Shoals:1)
  4 fauns (Shoals:1)
  11 wolf spiders
  6 cyclopes
  4 orc knights
  4 manticores (D:13)
  10 orc sorcerers
  3 moths of wrath
  3 large abominations (Gauntlet)
  14 elephants (Lair:6)
  Joseph (D:7)
  3 dire elephant zombies (Lair:6)
  4 black mambas
  2 torpor snails
  3 merfolk sirens
  A dire elephant skeleton (Lair:6)
  20 cane toads
  A molten gargoyle (D:15)
  A gargoyle (D:13)
  5 demonic crawlers
  2 efreet (D:14)
  3 rime drakes
  2 unseen horrors
  Maggie (Lair:2)
  11 komodo dragons
  2 freezing wraiths (D:15)
  2 polar bears
  An entropy weaver simulacrum (IceCv)
  3 very ugly thing simulacra (IceCv)
  3 merfolk (Shoals:1)
  7 meliai
  3 hornets
  6 trolls
  23 blink frogs
  3 snapping turtles (Shoals:1)
  7 tarantellas
  17 slime creatures
  Prince Ribbit (D:6)
  3 spectral elephants (Lair:6)
  18 jumping spiders
  A culicivora (shapeshifter) (D:13)
  2 wyverns
  2 water elementals (Shoals:1)
  4 wraiths
  A shadow (D:10)
  11 culicivoras
  Grum (D:8)
  A dire elephant simulacrum (Lair:6)
  A vampire (D:9)
  44 yaks
  2 fire bats (Gauntlet)
  3 steam dragons
  4 vampire mosquitoes
  36 redbacks
  8 basilisks
  A death yak simulacrum (Lair:6)
  3 spectral cane toads (Lair:6)
  3 wargs (Orc:2)
  15 water moccasins
  A demonic crawler simulacrum (IceCv)
  33 orc warriors
  4 black bears
  An elephant zombie (Lair:6)
  A black bear (shapeshifter) (D:13)
  A necrophage (D:4)
  3 ugly thing simulacra (IceCv)
  8 ogres
  12 wolves
  A lemure (D:7)
  4 centaurs
  2 elephant skeletons (Lair:6)
  A phantom (D:6)
  2 kobold brigands
  19 bullfrogs
  4 small abominations (Gauntlet)
  12 scorpions
  2 cane toad simulacra (Lair:6)
  A gnoll sergeant (D:9)
  2 elephant simulacra (Lair:6)
  11 wights
  4 howler monkeys
  6 electric eels
  2 human zombies (Ossuary)
  5 centaur zombies
  A hound (D:5)
  7 jellies
  A centaur skeleton (D:6)
  23 orc priests
  Crazy Yiuf (D:7)
  A gnoll shaman (D:6)
  An iguana (D:6)
  7 scorpion zombies (Ossuary)
  40 orc wizards
  A hound skeleton (D:4)
  3 mummies (Ossuary)
  Robin (D:4)
  A howler monkey skeleton (D:5)
  4 adders
  12 gnolls
  A white imp (D:7)
  An ufetubus (D:5)
  5 worms
  2 dart slugs (D:2)
  64 orcs
  6 endoplasms
  5 giant cockroaches
  A gnoll zombie (Ossuary)
  7 hobgoblins
  4 jackals (D:1)
  14 kobolds
  4 quokkas
  2 ball pythons
  3 bats
  A frilled lizard (D:1)
  15 goblins
  3 goblin zombies (Ossuary)
  2 kobold zombies (Ossuary)
  An orc zombie (Ossuary)
  2 quokka zombies (D:7)
  7 rats
  A butterfly (Lair:4)
879 creatures vanquished.

Vanquished Creatures (others)
  2 orc wizards (Orc:2)
  21 demonic plants (Gauntlet)
  8 fungi
  39 plants
  27 withered plants
97 creatures vanquished.

Grand Total: 976 creatures vanquished

Notes
Turn   | Place    | Note
-------+----------+-------------------------------------------
     0 | D:1      | Peloso the Minotaur Fighter began the quest for the Orb.
     0 | D:1      | Reached XP level 1. HP: 19/19 MP: 0/0
    53 | D:1      | Reached XP level 2. HP: 27/27 MP: 1/1
   942 | D:2      | Reached XP level 3. HP: 33/33 MP: 2/2
   950 | D:2      | Identified the +12 dagger of Xuriekhi {vorpal, rPois Str+4
                  | Dex+4}
  1129 | D:2      | Reached skill level 1 in Dodging
  1130 | D:2      | Found a faded altar of an unknown god.
  1286 | D:2      | Found a bloodstained altar of Trog.
  1971 | D:3      | Identified the +8 mace "Killer Klown's Bane" {speed, rPois
                  | Will+ Str-5}
  2149 | D:3      | Reached XP level 4. HP: 23/41 MP: 3/3
  2338 | D:3      | Found Haezea's General Store.
  2344 | D:3      | Bought a scroll of blinking for 75 gold pieces
  2859 | D:4      | Noticed Robin
  2861 | D:4      | Reached skill level 1 in Short Blades
  2879 | D:4      | Reached skill level 4 in Shields
  2884 | D:4      | Killed Robin
  2888 | D:4      | Reached XP level 5. HP: 28/47 MP: 4/4
  3167 | D:4      | Found a blossoming altar of Fedhas.
  3234 | D:4      | Noticed a necrophage
  3242 | D:4      | Killed a necrophage
  3243 | D:4      | Reached skill level 5 in Armour
  3638 | D:4      | Identified the +0 pair of gloves of Defiance {rPois rC+
                  | Str+4 Int+4}
  4004 | D:5      | Entered Level 5 of the Dungeon
  4056 | D:5      | Reached XP level 6. HP: 51/53 MP: 5/5
  4094 | D:5      | Found Movijiud's Distillery.
  4101 | D:5      | Bought a potion of mutation for 104 gold pieces
  4582 | D:5      | Reached skill level 1 in Stealth
  4856 | D:6      | Reached XP level 7. HP: 60/60 MP: 6/6
  5155 | D:6      | Reached skill level 5 in Fighting
  5173 | D:6      | Noticed Prince Ribbit
  5185 | D:6      | Killed Prince Ribbit
  5186 | D:6      | Reached skill level 5 in Shields
  5186 | D:6      | Reached XP level 8. HP: 58/68 MP: 7/7
  5332 | D:6      | Reached skill level 5 in Short Blades
  5698 | D:7      | Reached skill level 6 in Shields
  5755 | D:7      | Found a sand-covered staircase.
  5854 | Ossuary  | Entered an ossuary
  5976 | Ossuary  | Reached XP level 9. HP: 75/75 MP: 8/8
  6009 | Ossuary  | Reached skill level 7 in Shields
  6544 | D:7      | Noticed Joseph
  6553 | D:7      | Killed Joseph
  6554 | D:7      | Reached skill level 8 in Shields
  6575 | D:7      | Noticed Pikel
  6593 | D:7      | Killed Pikel
  6594 | D:7      | Reached skill level 9 in Shields
  6894 | D:7      | Found a staircase to the Ecumenical Temple.
  6934 | D:7      | Found a runed translucent door.
  6962 | Temple   | Entered the Ecumenical Temple
  7209 | D:7      | Noticed Crazy Yiuf
  7213 | D:7      | Killed Crazy Yiuf
  7214 | D:7      | Reached XP level 10. HP: 86/86 MP: 9/9
  7418 | D:8      | Noticed a two-headed ogre
  7427 | D:8      | Killed a two-headed ogre
  7451 | D:8      | Noticed Grum
  7480 | D:8      | Killed Grum
  7491 | D:8      | Reached skill level 10 in Shields
  7491 | D:8      | You fall into a shaft and drop 2 floors!
  7491 | D:10     | Entered Level 10 of the Dungeon
  7491 | D:10     | Found a glowing golden altar of the Shining One.
  7697 | D:9      | Found a staircase to the Lair.
  7752 | D:9      | Reached skill level 5 in Long Blades
  8198 | D:9      | Found a burning altar of Makhleb.
  8198 | D:9      | Found an opulent altar of Gozag.
  8368 | D:9      | Reached skill level 10 in Armour
  8603 | D:9      | Found a sparkling altar of Nemelex Xobeh.
  8604 | D:9      | Found an iron altar of Okawaru.
  8611 | D:9      | Became a worshipper of Warmaster Okawaru
  8674 | D:9      | Found a staircase to the Orcish Mines.
  8799 | D:8      | Noticed a two-headed ogre
  8805 | D:8      | Killed a two-headed ogre
  8917 | D:8      | Found a runed translucent gate.
  8918 | D:8      | Found a runed translucent gate.
  8918 | D:8      | Found a runed translucent gate.
  8923 | D:8      | Noticed Melanol's ghost (novice PaBe)
  8930 | D:8      | Noticed Erica
  8947 | D:8      | Killed Erica
  8947 | D:8      | Reached * piety under Okawaru
  8948 | D:8      | Reached skill level 11 in Shields
  9336 | D:8      | Reached XP level 11. HP: 90/93 MP: 10/10
  9344 | D:8      | Reached ** piety under Okawaru
  9478 | D:8      | Found a viscous altar of Jiyva.
  9822 | D:10     | Noticed Nergalle
  9827 | D:10     | Killed Nergalle
  9944 | D:10     | Found Uloyrph's Fire Supplies.
  9998 | D:10     | Found an ornate altar of the Wu Jian Council.
 10179 | D:10     | Reached *** piety under Okawaru
 10443 | D:10     | Found a runed translucent gate.
 10443 | D:10     | Found a runed translucent gate.
 10443 | D:10     | Found a runed translucent gate.
 10443 | D:10     | Noticed crawlogic's ghost (novice HOFi)
 10443 | D:10     | Noticed qipq's ghost (journeyman DjEE)
 10883 | D:11     | Noticed a four-headed hydra
 10892 | D:11     | Killed a one-headed hydra
 10893 | D:11     | Reached skill level 12 in Shields
 11565 | D:11     | Noticed a two-headed ogre
 11570 | D:11     | Killed a two-headed ogre
 11570 | D:11     | Reached **** piety under Okawaru
 11883 | Lair:1   | Entered Level 1 of the Lair of Beasts
 12167 | Lair:1   | Reached skill level 10 in Long Blades
 12236 | Lair:1   | Identified a scroll of acquirement
 12356 | Lair:1   | Reached ***** piety under Okawaru
 12443 | Lair:1   | Reached skill level 13 in Shields
 12450 | Lair:1   | Reached XP level 12. HP: 75/103 MP: 11/11
 12978 | Lair:2   | Noticed an eight-headed hydra
 12987 | Lair:2   | Killed a four-headed hydra
 13343 | Lair:2   | Noticed Sonja
 13365 | Lair:2   | Killed Sonja
 13365 | Lair:2   | Identified the +3 buckler of Defiance {rElec rF+ rN+}
                  | (Okawaru gifted it to you on level 2 of the Lair of Beasts)
 13365 | Lair:2   | Received a gift from Okawaru
 13641 | Lair:2   | Reached skill level 14 in Shields
 13645 | Lair:2   | Reached skill level 10 in Fighting
 13811 | Lair:2   | Noticed a boulder beetle
 13830 | Lair:2   | Killed a boulder beetle
 14232 | Lair:2   | Noticed Maggie
 14240 | Lair:2   | Killed Maggie
 14296 | Lair:2   | Found a staircase to the Shoals.
 14388 | Lair:2   | Reached XP level 13. HP: 114/114 MP: 12/12
 14989 | Lair:3   | Reached skill level 15 in Shields
 15002 | Lair:3   | Reached ****** piety under Okawaru
 15257 | Lair:3   | Found a hole to the Spider Nest.
 15431 | Lair:3   | Noticed Gastronok
 15439 | Lair:3   | Killed Gastronok
 17206 | D:12     | Received a gift from Okawaru
 18883 | D:13     | Reached XP level 14. HP: 97/125 MP: 13/13
 18902 | D:13     | Found a gate to the Vaults.
 19353 | Orc:1    | Entered Level 1 of the Orcish Mines
 19381 | Orc:1    | Found Archupoh's Mayhem Merchandise.
 19430 | Orc:1    | Received a gift from Okawaru
 20002 | Orc:2    | Entered Level 2 of the Orcish Mines
 20122 | Orc:2    | Found Tewk's Jewellery Shoppe.
 20591 | Orc:2    | Found a staircase to the Elven Halls.
 20595 | Orc:2    | Reached skill level 15 in Long Blades
 20769 | Orc:2    | Noticed Erolcha
 21006 | Orc:2    | Killed Erolcha
 21007 | Orc:2    | Reached skill level 16 in Shields
 21132 | Orc:2    | Found Fujeanuf's Book Boutique.
 21154 | Orc:2    | Found Kuheosch's Distillery.
 21187 | Orc:2    | Found a radiant altar of Vehumet.
 21200 | Orc:2    | Paralysed by an ogre mage for 3 turns
 21219 | Orc:2    | Found Beodd's Book Shop.
 21350 | Orc:2    | Paralysed by an orc sorcerer for 5 turns
 21617 | Orc:2    | Reached skill level 1 in Invocations
 21625 | Orc:2    | Found an ancient bone altar of Kikubaaqudgha.
 21656 | Orc:2    | Found Guriny's Antique Armour Boutique.
 21989 | Orc:2    | Bought the ring of the Skies Above {rPois Str+6 Stlth+} for
                  | 1232 gold pieces
 22364 | D:14     | Found a gate leading to a gauntlet.
 22398 | Gauntlet | Entered a Gauntlet
 22398 | Gauntlet | Found a transporter.
 22409 | Gauntlet | Found a transporter.
 22425 | Gauntlet | Found a transporter.
 22433 | Gauntlet | Found a transporter.
 22444 | Gauntlet | Noticed a reaper
 22453 | Gauntlet | Found a transporter.
 22468 | Gauntlet | Found a transporter.
 22498 | Gauntlet | Found a transporter.
 22503 | Gauntlet | Found a transporter.
 22505 | Gauntlet | Found a transporter.
 22527 | Gauntlet | Found the amulet of the Air {Inacc Air Fly rElec RMsl}
 22528 | Gauntlet | Found a transporter.
 22534 | Gauntlet | Found a transporter.
 22538 | Gauntlet | Found a transporter.
 22556 | Gauntlet | Noticed a cacodemon
 22560 | Gauntlet | Found a transporter.
 22577 | Gauntlet | Found a transporter.
 22579 | Gauntlet | Found a transporter.
 22601 | Gauntlet | Found the +3 crown of Dyrovepreva {rElec Int+2 SInv}
 22602 | Gauntlet | Found a transporter.
 22612 | Gauntlet | Found a transporter.
 22662 | Gauntlet | Found a transporter.
 22725 | Gauntlet | Received a gift from Okawaru
 22875 | Gauntlet | Identified the +1 leather armour "Neut" {Regen+ Str+6}
 22916 | Gauntlet | Identified the ring of Salvation {Ice Will+ Dex+4}
 22950 | Gauntlet | Acquired 1042 gold pieces
 22960 | Gauntlet | Acquired 1033 gold pieces
 23005 | D:15     | Entered Level 15 of the Dungeon
 23151 | D:15     | Reached skill level 17 in Shields
 23567 | D:15     | Reached skill level 5 in Dodging
 23577 | D:15     | Received a gift from Okawaru
 24482 | D:15     | Found a staircase to the Depths.
 24781 | D:15     | Reached XP level 15. HP: 112/136 MP: 15/15
 25098 | D:15     | Found a snail-covered altar of Cheibriados.
 25859 | D:14     | Reached skill level 1 in Evocations
 26222 | D:14     | Noticed an orc warlord
 26239 | D:14     | Killed an orc warlord
 27784 | Lair:5   | Reached skill level 15 in Armour
 27939 | Lair:5   | Reached skill level 18 in Shields
 28596 | Lair:6   | Entered Level 6 of the Lair of Beasts
 28739 | Lair:6   | Received a gift from Okawaru
 29142 | Lair:6   | Found a staircase to the Slime Pits.
 30221 | Lair:6   | Identified the +1 storm dragon scales "Qiom" {rElec MP+9
                  | Slay+2} (Okawaru gifted it to you on level 6 of the Lair of
                  | Beasts)
 30221 | Lair:6   | Received a gift from Okawaru
 30487 | Lair:6   | Identified the +1 pair of boots "Bosemoda" {Int+4 Dex+4}
 32418 | D:8      | Killed Melanol's ghost
 32550 | D:10     | Killed qipq's ghost
 32551 | D:10     | Reached skill level 19 in Shields
 32556 | D:10     | Killed crawlogic's ghost
 32563 | D:10     | Identified the +1 scale mail "Upsaih" {Drain +Inv rN+++
                  | Dex-3}
 32697 | Spider:1 | Entered Level 1 of the Spider Nest
 32752 | Spider:1 | Reached skill level 15 in Fighting
 32752 | Spider:1 | Reached XP level 16. HP: 145/149 MP: 16/16
 32781 | Spider:1 | Found a frozen archway.
 32786 | IceCv    | Entered an ice cave
 33226 | IceCv    | Found a viscous altar of Jiyva.
 34003 | IceCv    | Identified the +10 scale mail of the Thunderstorm {Harm
                  | +Blink Str+5}
 34278 | Spider:1 | Identified the amulet "Weoxiena" {Faith rN+ Int-3 Dex+5
                  | Slay+3}
 34717 | Spider:1 | Identified the +6 quick blade "Defeozit" {vorpal, *Corrode
                  | rPois Int+6} (Okawaru gifted it to you on level 1 of the
                  | Spider Nest)
 34717 | Spider:1 | Received a gift from Okawaru
 35859 | Spider:1 | Received a gift from Okawaru
 37221 | Spider:2 | Reached skill level 20 in Shields
 38070 | Spider:2 | Reached XP level 17. HP: 132/160 MP: 18/18
 38565 | Shoals:1 | Entered Level 1 of the Shoals
 38963 | Shoals:1 | Identified the +1 crystal plate armour of Wifanec {Dex+6}
                  | (Okawaru gifted it to you on level 1 of the Shoals)
 38963 | Shoals:1 | Received a gift from Okawaru
 39064 | Shoals:1 | Shot with an arrow by a centaur warrior

Illustrated notes

Levels and vault maps discovered:
D:1:      dpeg_arrival_lava_temple_mockup, layout_basic,
          chequers_serial_rivers_micro_e, minmay_pentomino_o2
D:2:      layout_basic, basic_altar, hellmonk_ecumenical_altar_zigzags,
          chequers_serial_rivers_micro_c
D:3:      layout_loops_corners, serial_shops, nicolae_shop_behind_doors
D:4:      layout_basic, fedhas_ov_isle_minmay, serial_co_window_serial,
          co_window_paths_a, co_window_cross_1, co_window_corner_a,
          co_window_paths_a, co_window_paths_b, co_window_corner_cb,
          co_window_corner_cb, co_window_of_opportunity_b,
          co_window_of_opportunity_c, glass_columns_b, glass_columns_a,
          glass_columns_a, glass_columns_b, uniq_robin
D:5:      layout_basic, serial_shops, nicolae_diamond_shop, serial_corexii_hall,
          corexii_hall_statues_i, corexii_hall_statues_l,
          corexii_hall_statues_l, chequers_hall_statues_y
D:6:      layout_loops_ring, uniq_prince_ribbit1
D:7:      layout_loops_corners, minmay_temple_entry_crystal_x, enter_ossuary_4,
          uniq_crazy_yiuf_cottage, uniq_joseph, uniq_pikel
D:8:      layout_rooms, gammafunk_ghost_ooze,
          nicolae_concentric_dashed_squares_mild, uniq_erica, uniq_grum
D:9:      layout_big_octagon, mainiacjoe_overflow_alcove_3, dpeg_oklobed_lair,
          david_orc_4
D:10:     layout_roguey, old_standard_altar, overflow_temple_1_default,
          gammafunk_ghost_cemetery, serial_corexii_hall,
          chequers_hall_statues_y, corexii_hall_statues_x,
          nicolae_shop_fire_sale [nicolae_sub_dead_trees], nrook_mini_vaults,
          uniq_nergalle
D:11:     layout_cave_pods
D:12:     layout_rooms
D:13:     layout_loops_ring, david_vaults_5
D:14:     orc_temple, layout_layer_cave, gauntlet_entry_generic,
          nicolae_lava_and_water, serial_bayou_pond_b
D:15:     grunt_enter_depths_hoard, layout_irregular_city, slow_altar_2
Temple:   regret_index_temple_generic_petals
Lair:1:   layout_big_grid, nicolae_quartered_pool_impasse, grunt_megastairs_1
Lair:2:   layout_misc_corridors, elwin_shoals_entry_rooms, st_stairs_11,
          nzn_sisyphean_effort, uniq_maggie, uniq_sonja
Lair:3:   layout_roguey, spider_nest_entry_a, infiniplex_staircase_pool_2,
          grunt_megastairs_2, uniq_gastronok
Lair:4:   layout_hall_layers, infiniplex_staircase_pool, grunt_megastairs_4,
          lemuel_fruit_fields, serial_bayou_shore_b
Lair:5:   layout_misc_corridors, serial_bayou_lake_a, grunt_megastairs_3,
          lemuel_fruit_tree
Lair:6:   due_jungle_book, layout_regular_city, nicolae_slime_entry_slimehenge
Shoals:1: layout_shoals, nzn_prometheus_bound
Spider:1: layout_chambers, portal_ice_cave_entry_pillars_four,
          nicolae_spider_eight_legs
Spider:2: nicolae_spider_hilbert_zone_3 [nicolae_spider_hilbert_4_sides_2_open,
          nicolae_spider_hilbert_3_sides_1_open,
          nicolae_spider_hilbert_3_sides_1_open,
          nicolae_spider_hilbert_3_sides_1_open,
          nicolae_spider_hilbert_3_sides_1_open,
          nicolae_spider_hilbert_4_sides_1_open,
          nicolae_spider_hilbert_4_sides_1_open,
          nicolae_spider_hilbert_4_sides_1_open,
          nicolae_spider_hilbert_4_sides_1_open,
          nicolae_spider_hilbert_4_sides_1_open,
          nicolae_spider_hilbert_4_sides_1_open,
          nicolae_spider_hilbert_4_sides_1_open,
          nicolae_spider_hilbert_4_sides_1_open,
          nicolae_spider_hilbert_3_sides_1_open,
          nicolae_spider_hilbert_3_sides_1_open,
          nicolae_spider_hilbert_3_sides_1_open,
          nicolae_spider_hilbert_3_sides_1_open],
          nicolae_spider_baby_got_redback
Orc:1:    layout_caves, minmay_shop_mayhem
Orc:2:    kennysheep_orc_mage_school, layout_diamond_mine, serial_shops,
          nicolae_shop_behind_doors, uniq_erolcha

Skill      XL: |  1  2  3  4  5  6  7  8  9 10 11 12 13 14 15 16 |
---------------+-------------------------------------------------+-----
Fighting       | 4 5 7 8 10 11 13 15 16 | 16.9
Armour         | 4 5 6 7 8 9 10 11 13 14 15 16 | 16.6
Dodging        | 1 2 3 4 5 6 |  6.2
Long Blades    | 3 4 7 10 12 14 15 16 17 | 17.8
Short Blades   | 1 3 4 6 7 8 |  8.1
Shields        | 4 5 6 9 11 13 14 15 17 19 20 | 20.4
Stealth        | 1 2 3 |  3.5
Invocations    | 2 |  2.9
Evocations     | 1 |  1.4

Action                   |  1- 3 |  4- 6 |  7- 9 | 10-12 | 13-15 | 16-18 || total
-------------------------+-------+-------+-------+-------+-------+-------++-------
Melee: Long sword        |    48 |       |       |       |       |       ||    48
       Headbutt          |     9 |    14 |    41 |   106 |   299 |   136 ||   605
       Dagger            |    30 |    79 |   209 |       |       |       ||   318
       Scimitar          |       |       |     4 |   572 |  1200 |   501 ||  2277
Invok: Heroism           |       |       |       |     3 |    23 |     3 ||    29
Evoke: Wand              |       |       |       |     2 |    14 |       ||    16
  Use: Scroll            |       |       |     1 |    12 |    15 |     5 ||    33
       Potion            |       |       |       |     2 |     2 |     4 ||     8
 Stab: Petrified         |       |       |       |       |     2 |       ||     2
       Petrifying        |       |       |       |       |     1 |       ||     1
Armor: Scale mail        |    27 |    20 |    23 |       |       |       ||    70
       Plate armour      |       |       |    56 |   293 |   462 |       ||   811
       Storm dragon scal |       |       |       |       |    22 |   284 ||   306
Dodge: Dodged            |    33 |    22 |    31 |   111 |   308 |   226 ||   731
Block: Buckler           |    12 |     7 |       |    84 |   829 |   428 ||  1360
       Tower shield      |       |    14 |   157 |   569 |       |       ||   740
       Reflection        |       |       |     3 |     7 |    27 |       ||    37
